Map: Ice and Chrome LE

Players

NXZ - Winner!

  • Race: Zerg Zerg
  • Spawn Location: 1:00

EnDerr

  • Race: Zerg Zerg
  • League: Master
  • Spawn Location: 7:00

Event: DreamHack SC2 Masters 2020 Summer Oceania RoA

VOD

Have the link to the VOD?

Description

Time

  • Played on: June 24, 2020, 5:58 a.m.
  • Length: 3:01

All games in this series

Show
View Real Time Build Order
Export as new Build Order

NXZ Zerg - Winner!

Build Orders: Hatch First 

Get SALT Encoding   

  12  0:00  Drone  
  13  0:13  Overlord  
  13  0:16  Drone  
  14  0:31  Drone x2  
  16  0:47  Hatchery  
  15  0:51  Drone  
  15  0:55  Drone  
  17  0:58  Drone  
  18  1:09  Extractor  
  17  1:12  Spawning Pool  
  17  1:16  Drone  
  17  1:19  Drone  
  19  1:59  Zergling x2  
  19  2:00  Zergling x6  
  19  2:01  Queen x2  
  27  2:13  Zergling x4  
  26  2:29  Zergling x2  
Show
View Real Time Build Order
Export as new Build Order

EnDerr Zerg 

Build Orders: Pool Only 

Get SALT Encoding   

  12  0:18  Spawning Pool  
  11  0:22  Drone  
  11  0:26  Drone  
  13  0:31  Drone  
  14  0:42  Overlord  
  14  1:04  Zergling x2  
  14  1:05  Zergling x2  
  14  1:06  Zergling x2  
  17  1:18  Zergling x2  
  17  1:25  Spine Crawler  
  17  1:27  Zergling x2  
  18  1:38  Zergling x2  
  20  1:50  Zergling x2, Spine Crawler  
  21  2:01  Spine Crawler  
  21  2:05  Spine Crawler  
  19  2:14  Zergling x2  
  9  2:39  Zergling x2  
Tags
 
Add a new tag
Caveats
  • Supply blocks, unpowered buildings, or Contaminate may cause inaccurate times.
  • Supply counts are checked every 10 seconds.